 Dungeon Crawl Stone Soup version 0.22-a0-443-g17c3723 (webtiles) character file.

623 Gorglomux the Shield-Bearer (level 7, -4/48 HPs)
             Began as a Gargoyle Fighter on June 1, 2018.
             Slain by a centaur
             ... wielding the cursed +1 quarterstaff "Z" {crush, *Rage rPois SInv Stlth+}
              (8 damage)
             ... on level 5 of the Dungeon.
             The game lasted 00:01:35 (3216 turns).

Gorglomux the Shield-Bearer (Gargoyle Fighter)      Turns: 3216, Time: 00:01:36

Health: -4/48      AC: 12    Str: 22    XL:     7   Next: 46%
Magic:  6/6        EV:  7    Int:  8    God:
Gold:   119        SH: 12    Dex:  9    Spells: 6/6 levels left

rFire    . . .     SeeInvis .   a - +0 war axe
rCold    . . .     Gourm    .   S - +2 shield
rNeg     + . .     Faith    .   b - +0 scale mail
rPois    ∞         Spirit   .   (no helmet)
rElec    +         Reflect  .   (no cloak)
rCorr    .         Harm     .   (no gloves)
MR       .....                  (no boots)
Stlth    ..........             (no amulet)
HPRegen  0.16/turn              (no ring)
MPRegen  0.10/turn              (no ring)

@: invisible
A: low mp 1, negative energy resistance 1, sense surroundings 1, robust 1,
electricity resistance, unbreathing, petrification resistance, rot immunity, AC
+4
a: no special abilities


You were on level 5 of the Dungeon.
You were not hungry.

You visited 1 branch of the dungeon, and saw 5 of its levels.

You collected 119 gold pieces.

Inventory:

Hand Weapons
 a - a +0 war axe (weapon)
Armour
 b - a +0 scale mail (worn)
 S - a +2 shield (worn)
Jewellery
 m - an uncursed ring of wizardry {unknown}
 K - a +4 ring of intelligence {unknown}
Wands
 I - a wand of iceblast (10)
 P - a wand of paralysis (8)
Scrolls
 g - a scroll of fear {unknown}
 j - 4 scrolls of enchant armour {unknown}
 k - a scroll of blinking {unknown}
 l - a scroll of amnesia {unknown}
 n - a scroll of magic mapping {unknown}
 o - 6 scrolls of identify {unknown}
 p - 2 scrolls of remove curse {unknown}
 q - a scroll of teleportation {unknown}
 t - a scroll of random uselessness {unknown}
Potions
 d - a potion of might
Comestibles
 f - 9 rations


   Skills:
 + Level 5.3 Fighting
 + Level 4.0 Axes
 + Level 5.3 Armour
 + Level 5.3 Shields


You had 6 spell levels left.
You didn't know any spells.
Your spell library contained the following spells:

 Spells                   Type           Power        Failure   Level  Hunger
 Apportation              Tloc           #.....       98%         1    ##.....
 Summon Small Mammal      Summ           #...         98%         1    ##.....
 Animate Skeleton         Necr           N/A          98%         1    ##.....
 Confusing Touch          Hex            #.....       98%         1    ##.....


Dungeon Overview and Level Annotations

Branches:
Dungeon (5/15)
 Temple: D:4-7

Altars:
Kikubaaqudgha
Nemelex Xobeh
Qazlal
Wu Jian
Xom
Yredelemnul

Annotations:
D:5 2 transporters


Innate Abilities, Weirdness & Mutations

You are resistant to torment.
Your stone body is resilient. (AC +4)
You are immune to poison.
You resist negative energy. (rN+)
You are resistant to electric shocks. (rElec)
You can survive without breathing.
You are immune to petrification.
You are immune to rotting.
Your magical capacity is low. (-10% MP)
You passively map a small area around you.
You are robust. (+10% HP)


Message History

You open the centaur like a butt!
The centaur is heavily wounded!
The centaur hits you with a shimmering quarterstaff {crush}! * * * don't die * * *; * * * butt't die
* * * The centaur hits you with a shimmering quarterstaff {crush}! * * * don't die * * * x2
You are too injured to fight recklessly!!!
You are too injured to fight recklessly!!!
You are too injured to fight recklessly!!!
Unknown command!
You are too injured to fight recklessly!!!
You are too injured to fight recklessly!!!
You are too injured to fight recklessly!!!
You are butt injured to fight recklessly!!!
It was a potion of magic!
Magic courses through your body! You block the centaur's attack! x2
It was a potion of invisibility!
You fade into invisibility!!!
The centaur hits you with a shimmering quarterstaff {crush}!!! rip

, *,#...
#≈...≈#..##.##.....# ,
,#..#
#.#≈...;#..##'###...## ,
,*,#...
#.#≈...;#..#........##
#..#*#.###+###..#....#...##
,#..# #.#P./.P#..#....#...#
, , #.#8.©.8#..#....#...# *
*, #.#######..#....#...#
#....©.....#....#...# ,
,##c@.....###......# * , ,,
##...#### #...#.## , , *
##.## * #...'..# , , ,
,...Y, , ,#...#### #......
#...##### #....... ,
#........ * ,*#........,
#........ #.........
#........ #...., #########


You could see a sky beast, a centaur (berserk) and 2 electric eels.

Vanquished Creatures
  An ogre (D:4)
  A gnoll sergeant (D:5)
  A howler monkey (D:4)
  An orc wizard (D:4)
  Ijyb (D:4)
  3 bullfrog skeletons
  An iguana (D:4)
  2 worker ants (D:4)
  6 adders
  10 gnolls
  2 adder skeletons (D:4)
  2 worms
  A dart slug (D:1)
  2 leopard geckos
  3 orcs (D:4)
  A ball python (D:4)
  9 bats (D:1)
  2 giant cockroaches
  5 goblins
  5 hobgoblins (D:1)
  12 jackals
  3 quokkas
  6 frilled lizards
  3 kobolds
  5 rats
88 creatures vanquished.

Notes
Turn   | Place    | Note
-------+----------+-------------------------------------------
     0 | D:1      | Gorglomux the Gargoyle Fighter began the quest for the Orb.
     0 | D:1      | Reached XP level 1. HP: 14/14 MP: 1/1
   105 | D:1      | Reached XP level 2. HP: 19/19 MP: 2/2
   421 | D:1      | Reached XP level 3. HP: 24/24 MP: 3/3
   678 | D:2      | Reached XP level 4. HP: 27/29 MP: 4/4
  1219 | D:4      | Reached XP level 5. HP: 33/33 MP: 5/5
  1471 | D:4      | Found a sparkling altar of Nemelex Xobeh.
  1476 | D:4      | Reached skill level 3 in Axes
  1476 | D:4      | Noticed Ijyb
  1483 | D:4      | Paralysed by Ijyb for 5 turns
  1501 | D:4      | Reached XP level 6. HP: 9/39 MP: 6/6
  1516 | D:4      | Paralysed by Ijyb for 3 turns
  1524 | D:4      | Gained mutation: Your magical capacity is low. (-10% MP) [potion of mutation]
  1524 | D:4      | Gained mutation: You passively map a small area around you. [potion of mutation]
  1524 | D:4      | Gained mutation: You are robust. (+10% HP) [potion of mutation]
  1527 | D:4      | Paralysed by Ijyb for 5 turns
  1532 | D:4      | Killed Ijyb
  1893 | D:4      | Reached XP level 7. HP: 16/48 MP: 6/6
  2164 | D:4      | Found an ornate altar of the Wu Jian Council.
  2385 | D:5      | Entered Level 5 of the Dungeon
  2722 | D:5      | Found a transporter.
  3037 | D:5      | Found an ancient bone altar of Kikubaaqudgha.
  3155 | D:5      | Found a shimmering altar of Xom.
  3160 | D:5      | Found a stormy altar of Qazlal.
  3161 | D:5      | Found a basalt altar of Yredelemnul.
  3196 | D:5      | Found a transporter.
  3216 | D:5      | Identified the cursed +1 quarterstaff "Z" {crush, *Rage rPois SInv Stlth+}
  3216 | D:5      | Slain by a centaur

Vault maps used:
D:1:      saegor_arrival_simple_e, minmay_cupped
D:3:      lemuel_coloured_pillars_altar, chequers_ecumenical_altar_lobes
D:4:      lemuel_round_altar, lemuel_doored_altar, minivault_5, uniq_ijyb
D:5:      gammafunk_steamed_eel, kiku_gazebo_garden_becter,
          nicolae_overflow_hidden_temple, zin_academy, first_ration

Skill      XL: |  1  2  3  4  5  6  7 |
---------------+----------------------+-----
Axes           | 2 3 4 |  4.0
Shields        | 4 5 |  5.3
Fighting       | 4 5 |  5.3
Armour         | 4 5 |  5.3

Action                   |  1- 3 |  4- 6 |  7- 9 || total
-------------------------+-------+-------+-------++-------
Melee: War axe           |   108 |   196 |    50 ||   354
  Use: Potion            |       |     3 |     2 ||     5
  Eat: Chunk             |       |     4 |     4 ||     8
Armor: Scale mail        |    76 |   126 |    53 ||   255
Dodge: Dodged            |    51 |    61 |    35 ||   147
Block: Shield            |    63 |   110 |    58 ||   231

Table legend:
 A = Spawn XP
 B = Non-spawn XP
 C = Spawn XP percentage of total XP
 D = Spawn monster count
 E = Non-spawn monster count
 F = Spawn count percentage of total count
 G = Total turns spent on level
                    A         B        C        D         E        F      G
               +---------+---------+-------+---------+---------+-------+---------
         Total |       0 |     890 |   0.0 |       0 |      88 |   0.0 |  3216
               +---------+---------+-------+---------+---------+-------+---------
           D:1 |       0 |      57 |   0.0 |       0 |      27 |   0.0 |   624
           D:2 |       0 |      54 |   0.0 |       0 |      13 |   0.0 |   379
           D:3 |       0 |      46 |   0.0 |       0 |      12 |   0.0 |   210
           D:4 |       0 |     526 |   0.0 |       0 |      27 |   0.0 |  1639
           D:5 |       0 |     207 |   0.0 |       0 |       9 |   0.0 |   364
               +---------+---------+-------+---------+---------+-------+---------
